 Dungeon Crawl Stone Soup version 0.30-a0-137-gd8773701ce (webtiles) character file.

Game seed: 17938735501581935340

42 freelancePsychic the Insei (level 3, 0/28 HPs)
             Began as a Djinni Transmuter on Sept 23, 2022.
             Slain by a goblin
             ... wielding a +0 dagger
             ... led by Robin
              (3 damage)
             ... on level 2 of the Dungeon.
             The game lasted 00:02:30 (1736 turns).

freelancePsychic the Insei (Djinni Transmuter)      Turns: 1736, Time: 00:02:30

Health: 0/28       AC:  2    Str:  9    XL:     3   Next: 77%
Gold:   130        EV: 12    Int: 16    God:
                   SH:  0    Dex: 13

rFire   + + .      SeeInvis .      - Unarmed
rCold   x . .      Faith    .    (no shield)
rNeg    . . .      Spirit   .    a - +0 robe
rPois   ∞          Reflect  .    (no helmet)
rElec   .          Harm     .    (no cloak)
rCorr   .          Rampage  .    (no gloves)
Will    .....                    (boots unavailable)
Stlth   +.........               (no amulet)
HPRegen 0.09/turn                (no ring)
MPRegen 0.00/turn                (no ring)

@: flying
A: sickness immunity, fire resistance 2, cold vulnerability 1, float, innate
caster, HP casting, extra vitality 1
a: no special abilities


You were on level 2 of the Dungeon.
You visited 1 branch of the dungeon, and saw 2 of its levels.

You collected 130 gold pieces.

Inventory:

Armour
 a - a +0 robe (worn)
Scrolls
 b - a scroll of teleportation {unknown}
 f - a scroll of fear {unknown}
Potions
 c - a potion of haste {@q3}
 d - a potion of might {unknown}


   Skills:
 + Level 1.8 Fighting
 - Level 2.1 Dodging
 + Level 3.2 Unarmed Combat
 * Level 2.4 Spellcasting


You couldn't memorise any spells.
You knew the following spells:

 Your Spells              Type           Power      Damage    Failure   Level
a - Beastly Appendage     Tmut           18%        N/A       8%          1
b - Wereblood             Tmut           9%         N/A       11%         2
c - Spider Form           Tmut/Pois      9%         N/A       22%         3
d - Ice Form              Ice/Tmut       9%         N/A       58%         4
e - Slow                  Hex            36%        N/A       8%          1
Your spell library was empty.

Dungeon Overview and Level Annotations

Branches:
Dungeon (2/15)

Altars:

Annotations:
D:2 Robin


Innate Abilities, Weirdness & Mutations

You are immune to sickness and miasma.
You are immune to poison.
Your flesh is very heat resistant. (rF++)
You are vulnerable to cold. (rC-)
You float through the air rather than walking.
You learn spells naturally, not from books.
Your magical power is your life essence.
You have superior vitality. (+4 MHP)


Message History

Robin throws the goblin at you! The goblin closely misses you.
The goblin hits you with a +0 dagger.
You bite the goblin!
You kill the goblin!
The goblin closely misses you.
You hit the goblin.
You kill the goblin!
The goblin misses you. Robin throws the goblin at you!
The goblin barely misses you. The goblin attacks as you move away!
The goblin hits you with a +0 dagger. The goblin barely misses you.
You see here a +0 dagger.
The goblin attacks as you move away! The goblin misses you.
The goblin no longer looks unusually strong.
Robin's bangles clink loudly.
The goblin hits you with a +0 club.
You are too injured to fight recklessly!
You are too injured to fight recklessly!
The goblin attacks as you move away! The goblin barely misses you.
Your transformation has ended.
Your +0 robe unmelds from your body.
You hit the goblin.
The goblin is heavily wounded.
The goblin hits you with a +0 dagger. Robin throws the goblin at you!
The goblin hits you but does no damage.
You miss the goblin. The goblin hits you with a +0 dagger.
The goblin hits you with a +0 club.
The goblin no longer looks unusually strong.
Robin roars a battlecry!
The goblins go into a battle-frenzy!
The goblin hits you with a +0 club.
* * * LOW HITPOINT WARNING * * *
The goblin attacks as you move away! The goblin hits you with a +0 dagger.
* * * LOW HITPOINT WARNING * * *
The goblin closely misses you.
As you read the scroll labelled LAWKUJ XUOTHOU, it crumbles to dust.
It is a scroll of identify.
c - a potion of haste The goblin hits you with a +0 dagger.
You die...

. ... #####.>#
#..#########).)...#
#.....@ggg..)####....
########.##.## #
##########...##..#
#..........#####...
#........####......#
#....†...............
##########.###########
#.# #.#


You could see Robin and 2 goblins.

Vanquished Creatures
  An adder (D:2)
  A dart slug (D:1)
  3 ball pythons (D:1)
  An endoplasm (D:1)
  4 goblins (D:2)
  2 hobgoblins
  5 kobolds
  3 quokkas (D:1)
  4 bats (D:1)
  6 rats
30 creatures vanquished.

Notes
Turn   | Place    | Note
-------+----------+-------------------------------------------
     0 | D:1      | freelancePsychic the Djinni Transmuter began the quest for
                  | the Orb.
     0 | D:1      | freelancePsychic set off with the following spells
                  | memorised: Beastly Appendage, Wereblood, Spider Form, Ice
                  | Form.
     0 | D:1      | Reached XP level 1. HP: 17/17 MP: 0/0
     3 | D:1      | Noticed an electric eel
     4 | D:1      | Noticed an electric eel
   472 | D:1      | Reached XP level 2. HP: 20/22 MP: 0/0
  1331 | D:1      | Reached XP level 3. HP: 21/27 MP: 0/0
  1331 | D:1      | Learned a level 1 spell: Slow
  1454 | D:1      | Found a faded altar of an unknown god.
  1713 | D:2      | Noticed Robin
  1736 | D:2      | Slain by a goblin

Illustrated notes

Levels and vault maps discovered:
D:1:      arrival_aquarium_b, layout_loops_cross,
          ebering_ecumenical_altar_abandoned
D:2:      layout_rooms, minivault_23, minmay_tetromino_l4, uniq_robin

Skill      XL: |  1  2 |
---------------+-------+-----
Spellcasting   | 2 |  2.4
Fighting       | |  1.8
Dodging        | |  2.1
Unarmed Combat | |  3.2

Action                   || total
-------------------------++-------
Melee: Unarmed           ||   114
       Headbutt          ||     5
       Punch             ||     2
 Cast: Beastly Appendage ||     5
       Spider Form       ||     3
  Use: Potion            ||     1
       Scroll            ||     1
 Stab: Sleeping          ||     1
Armor: Robe              ||    29
       Skin              ||     4
Dodge: Dodged            ||    73

Table legend: (Time is in decaauts)
 A = Elapsed time spent in this place.
 B = Non-inter-level travel time spent in this place.
 C = Inter-level travel time spent in this place.
 D = Time resting spent in this place.
 E = Time spent auto-exploring this place.
 F = Levels seen in this place.
 G = Mean time per level.
                   A        B        C        D        E       F      G
               +--------+--------+--------+--------+--------+-----+--------+
         Total |   1729 |   1709 |     20 |    237 |   1237 |   2 |  864.5 |
       Dungeon |   1729 |   1709 |     20 |    237 |   1237 |   2 |  864.5 |
               +--------+--------+--------+--------+--------+-----+--------+

Top non-repeatable levels by time:
     D:1: 1601 daAuts
     D:2: 127 daAuts
